 Dungeon Crawl Stone Soup version 0.21-a0-110-g8e1637b (webtiles) character file.

58 sagitran the Skirmisher (level 3, -9/29 HPs)
             Began as a Demonspawn Abyssal Knight on July 10, 2017.
             Was a Follower of Lugonu.
             Mangled by an ogre
             ... wielding a +0 giant club
              (34 damage)
             ... on level 3 of the Dungeon.
             The game lasted 00:06:42 (1845 turns).

sagitran the Skirmisher (Demonspawn Abyssal Knight) Turns: 1845, Time: 00:06:42

Health: -9/29      AC:  5    Str: 13    XL:     3   Next: 76%
Magic:  4/4        EV: 10    Int: 13    God:    Lugonu [*.....]
Gold:   72         SH:  0    Dex: 12    Spells: 2/2 levels left

rFire    . . .     SeeInvis .   l - +2 whip (freeze)
rCold    . . .     Gourm    .   (no shield)
rNeg     . . .     Faith    .   k - +0 ring mail
rPois    .         Spirit   .   (helmet restricted)
rElec    .         Reflect  .   (no cloak)
rCorr    .         Harm     +   (no gloves)
MR       .....                  (no boots)
Stlth    +.........             e - amulet of harm
HPRegen  0.09/turn              (no ring)
MPRegen  0.09/turn              (no ring)

@: no status effects
A: antennae 1, powered by death 1
a: Depart the Abyss, Renounce Religion


You were on level 3 of the Dungeon.
You worshipped Lugonu.
Lugonu was aware of your devotion.
You were not hungry.

You visited 1 branch of the dungeon, and saw 3 of its levels.
You visited the Abyss 1 time.

You collected 72 gold pieces.

Inventory:

Hand Weapons
 a - a +1 falchion
 i - a +0 hunting sling of flaming
 l - a +2 whip of freezing (weapon)
Armour
 b - a +0 leather armour
 k - a +0 ring mail (worn)
Jewellery
 e - an amulet of harm (around neck)
Scrolls
 d - a scroll of amnesia {unknown}
 g - a scroll of recharging
 m - a scroll of noise
 q - a scroll of teleportation {unknown}
Potions
 c - a potion of berserk rage {unknown}
 f - a potion of lignification {unknown}
 h - a potion of cancellation {unknown}
 j - a potion of brilliance {unknown}
 o - 3 potions of ambrosia
Comestibles
 p - 2 meat rations


   Skills:
 + Level 3.5 Fighting
 + Level 2.1 Long Blades
 + Level 1.2 Maces & Flails
 + Level 2.4 Armour
 + Level 1.1 Dodging
 + Level 2.5 Invocations


You had 2 spell levels left.
You didn't know any spells.

Dungeon Overview and Level Annotations

Branches:
Dungeon (3/15)

Altars:


Innate Abilities, Weirdness & Mutations

You have a pair of small antennae on your head.
You regenerate a little health from kills.


Message History

The hobgoblin hits you but does no damage.
Found 11 gold pieces.
Your ring mail prevents you from hitting the hobgoblin.
The hobgoblin hits you but does no damage.
You hit the hobgoblin. You freeze the hobgoblin.
The hobgoblin is severely wounded.
The hobgoblin hits you with a club.
You hit the hobgoblin. You freeze the hobgoblin.
You kill the hobgoblin!
Lugonu accepts your kill.
Found a stone staircase leading down.
An orc comes into view. It is wielding a club.
The orc shouts!
The orc throws a tomahawk of dispersal.
The tomahawk of dispersal misses you.
Found a leather armour.
The orc throws a tomahawk of dispersal.
The tomahawk of dispersal hits you.
You blink.
The ogre hits you with a giant club!!
Ouch! That really hurt!
You die...

.... #.........##....#
....####.......(....####
#....#..........###
#.<..........#
#####.......## ###.....##
#...###.# # #.###
#.###### # #@# #......##
# #O# ######..#### ##.#
#.[...##.
.####..########...#).#.
..o..>$.ยง...)......##.#.
[......#########...##...
#...... #...###.. #....#.
##### ##. #.##.## ..


You could see an ogre.

Vanquished Creatures
  2 adders
  An ooze (D:1)
  A dart slug (D:2)
  2 bats
  A giant cockroach (D:1)
  6 goblins
  8 hobgoblins
  4 jackals (D:1)
  A ball python (D:1)
  3 frilled lizards (D:1)
  2 rats
31 creatures vanquished.

Notes
Turn   | Place    | Note
-------+----------+-------------------------------------------
     0 | Abyss:1  | sagitran the Demonspawn Abyssal Knight began the quest for the Orb.
     0 | Abyss:1  | Reached XP level 1. HP: 18/18 MP: 2/2
    65 | Abyss:1  | Noticed a large abomination
    78 | Abyss:1  | Noticed an ancient zyme
    81 | D:1      | Escaped the Abyss
   364 | D:1      | Gained mutation: You regenerate a little health from kills. [demonic ancestry]
   364 | D:1      | Reached XP level 2. HP: 23/24 MP: 3/3
   538 | D:1      | Reached * piety under Lugonu
   672 | D:1      | Reached skill level 1 in Dodging
   984 | D:1      | Gained mutation: You have a pair of small antennae on your head. [demonic ancestry]
   984 | D:1      | Reached XP level 3. HP: 29/29 MP: 4/4
  1082 | D:1      | Reached skill level 1 in Maces & Flails
  1818 | D:3      | Noticed an ogre
  1845 | D:3      | Mangled by an ogre

Vault maps used:
D:1:      lemuel_arrival_broad_hall
D:2:      lemuel_coloured_pillars_altar, xom_redecorated
D:3:      first_bread

Skill      XL: |  1  2  3 |
---------------+----------+-----
Long Blades    | 2 |  2.1
Dodging        | 1 |  1.1
Armour         | 2 |  2.4
Maces & Flails | 1 |  1.2
Fighting       | |  3.5
Invocations    | |  2.5

Action                   || total
-------------------------++-------
Melee: Falchion          ||     8
       Whip              ||    83
Invok: Depart the Abyss  ||     1
  Use: Scroll            ||     4
  Eat: Bread ration      ||     1
Armor: Leather armour    ||     1
       Ring mail         ||    41
Dodge: Dodged            ||    42
       Rpst.: Falchion   ||     1
